Ptargh, chaotic female orcish Wizard ----------- |....@).... 3 |.........| -------------------------------- |.........| |.....&.u.F....................| ------+---- |.------|--------------..-----.| ------ ## |.|....|..|...|....| +?.-...|.|####..>..| # |.|....|..|o@.|....| |..|...|.|# |....| ### |.--|-----|...|+------|..|...|.| #-....| # |......|..|..1|.|..|..|.-----|..####|....| ### |.----.|..+-|--.|..|..|.-....|.| ------ # |.|..-.-|--..{..-|-|..|.|..v.|.| # |.|..|....|........-|--.|....|.| ---.--- |.|----|--.----|--......|....|.| |...... #####|.|..|.N.|.+ |..|-|---------|.| |.....| # #|....|[*=|*|: |..|....|#.|..&-.| |.....+#############|.|..|[%[|.---|..|....|..|...|.| |.....| #..-|------..{.---------|------.| |.....| |........x...........m.@.u.....| ------- -------------------------------- Ptargh the Conjurer Experience level: 4 Strength: 14 Dexterity: 17 Constitution: 12 Intelligence: 16 Wisdom: 3 Charisma: 12 Health: 0(33) Energy: 2(18) Def: 4 Gold: 88 Moves: 5390 Dungeon seed: RNM6eKLHmCbBditq Game ID: Ptargh_1567294041 Your Inventory: Rings X - an uncursed ring of warning named . (on left hand) Armor h - an uncursed +0 orcish helm (being worn) n - an uncursed +0 cloak of magic resistance z - an uncursed +1 pair of elven boots (being worn) F - an uncursed +0 cloak of displacement named a (being worn) Weapons a - an uncursed +0 elven dagger named . # +0 a' (weapon in hand) b - a blessed +1 quarterstaff (alternate weapon; not wielded) c - an uncursed +0 dagger named +0 . i - an uncursed +0 elven dagger named . # +0 a l - 8 uncursed +0 darts q - 2 uncursed +0 daggers named # +0 a (in quiver) D - an uncursed +2 dagger L - 9 uncursed +0 crossbow bolts O - a cursed +0 dagger named ##c (x1) Q - 11 cursed +0 orcish daggers named ##c (x11) Wands K - an uncursed wand of sleep (0:0) P - an uncursed wand of teleportation named zii (0:0) Comestibles s - an uncursed food ration t - an uncursed tin of kobold meat named . #pair A u - an uncursed tripe ration C - an uncursed lichen corpse G - a cursed partly eaten food ration named #c M - an uncursed food ration N - an uncursed fortune cookie U - an uncursed lizard corpse Tools g - an uncursed +0 pick-axe j - a cursed skeleton key named prolly c p - an uncursed towel (being worn) v - an uncursed tin whistle w - 12 uncursed tallow candles named P (0:200) y - 2 uncursed partly used tallow candles named Q (0:197) E - 3 cursed tallow candles named #c (0:200) H - 2 cursed partly used wax candles (0:114) Coins $ - 88 gold pieces Spells and supernatural/magical abilities: Name Level Category Fail Memory a - force bolt 1 attack 0% 74% K - cure sickness 3 healing 100% 74% W - pray for help -- divine ? -- Your skills at the end: Fighting Skills Weapon Skills dagger [Skilled] quarterstaff [Basic] Spellcasting Skills attack spells [Basic] enchantment spells [Basic] Final Attributes: You were piously aligned. You were poison resistant. You were hallucinating. You were stunned. You were telepathic. You were warned. You had infravision. You were displaced. You were stealthy. You are dead (2nd time!). Vanquished creatures: a ghost a leprechaun a gnome king a lizard a blue jelly a raven a gnome mummy a quasit a fog cloud a yellow light a shrieker 3 gnome lords 2 gnomish wizards a little dog a floating eye 5 dwarves 3 homunculi 3 rothes a wererat a werejackal 6 iguanas 6 coyotes a gas spore 6 hobbits 3 giant rats 2 yellow molds 2 red molds 23 gnomes 3 geckos 8 jackals a kobold 2 goblins 4 grid bugs a lichen 2 kobold zombies 3 newts and a partridge in a pear tree 104 creatures vanquished. Voluntary challenges: You were an atheist. You used a wielded weapon 117 times, starting on turn 73. You read items or engraved 8 times, starting on turn 61. You never genocided any monsters. You never polymorphed an object. You never changed form. You used no wishes. You never split a pudding. You never wrote Elbereth's name. You violated your moral code, losing 77 points of alignment, starting on turn 649. You abstained from Elbereth's help. You werepermanently hallucinating. Dungeon overview: The Dungeons of Doom: levels 1 to 5 Level 1 a long staircase Level 2 Level 3 a general store Level 4 an armor shop stairs to The Gnomish Mines Level 5 a fountain The Gnomish Mines: levels 5 to 9 Level 5 stairs to The Dungeons of Doom Level 6 Level 7 Level 8 <- You were here some shops, a temple to Thoth, some fountains, a sink Level 9 History has recorded: On T:1 you entered the Dungeons of Doom to retrieve the Amulet of Yendor! On T:133 you reached level 2 of The Dungeons of Doom. On T:215 you reached level 3 of The Dungeons of Doom. On T:638 you advanced to experience level 2. On T:862 you reached level 4 of The Dungeons of Doom. On T:921 you reached level 5 of The Dungeons of Doom. On T:926 you advanced to experience level 3. On T:1003 you reached level 1 of The Gnomish Mines. On T:1849 you advanced to experience level 4. On T:2664 you were saved from death by your amulet of life saving! On T:3045 you advanced to experience level 5. On T:3498 you reached level 2 of The Gnomish Mines. On T:3588 you advanced to experience level 6. On T:3638 you reached level 3 of The Gnomish Mines. On T:4203 you reached level 4 of The Gnomish Mines. On T:4646 you reached level 5 of The Gnomish Mines. On T:4656 you advanced to experience level 7. Score breakdown: Gold: 88 ( 6631 points) Experience: 4 levels ( 9649 points) Exploration: 9 levels ( 18.37%) (12247 points) Discoveries: 16 items ( 5.78%) ( 7210 points) Valuables value: (no points given unless you survive) Artifact value: 0 ( 0 points) Variety of kills: 36 monsters ( 9.45%) ( 9221 points) Turncount: 5390 turns (-1465 points) Survival: died (score multiplied by 80%) Total score: 34794 Latest messages: Never mind. Never mind. The spell hits it. The winter wolf cub hits! The lizard hits! The guardian naga hatchling hits! You hear a mumbled curse. The iron golem hits! The wererat hits! The shrieker hits! The Olog-hai hits! The Klingon hits! The ogre lord hits! The purple worm hits! You die... Final status: Goodbye Ptargh the Wizard, killed by a hallucinogen-distorted barrow wight... You died in The Gnomish Mines on dungeon level 8 with 34794 points, and 88 pieces of gold, after 5390 moves. You were level 4 with a maximum of 33 hit points when you died.